Construct Section Command Post
Construct Platoon Command Post
6-pounder Anti-tank Gun Team
Unlock Bishop Self-propelled Artillery
Construct Company Command Post
Unlock M3 Grant Medium Tanks
Selects Australian Defense Battlegroup
Selects CMP 15cwt Supply Run
Selects Reinforced Resource Caches
6-pounder Anti-tank Gun Team
Unlock M3 Stuart Light Tanks
Bishop Self-propelled Artillery
Bishop Self-propelled Artillery
Selects Archer Tank Destroyer
Selects Australian Light Infantry Section
Selects Defensive Tactics
Selects Vehicle Over Repair